 Dungeon Crawl Stone Soup version 0.31-a0-1603-gbec6b6ccbf (webtiles) character file.

Game seed: 5469475879121384160

1036 grandjackal the Trooper (level 8, 0/85 HPs)
             Began as a Demonspawn Gladiator on Jan 8, 2024.
             Was a Follower of Hepliaklqana.
             Succumbed to a hornet's poison
             ... on level 5 of the Dungeon.
             The game lasted 00:04:30 (3551 turns).

grandjackal the Trooper (Demonspawn Gladiator)      Turns: 3551, Time: 00:04:30

Health: 0/85       AC:  8    Str: 15 (16) XL:     8   Next: 4%
Magic:  3/12       EV: 10    Int:  6 (8)  God:    Hepliaklqana [*.....]
Gold:   257        SH:  0    Dex: 14 (16) Spells: 7/7 levels left

rFire   . . .        a - +0 war axe
rCold   . . .        (no shield)
rNeg    . . .        p - +0 scale mail
rPois   .            c - +0 helmet
rElec   .            (no cloak)
rCorr   .            w - +0 pair of gloves
SInv    .            (no boots)
Will    .....        q - amulet of guardian spirit Stlth
                     (no ring)
HPRegen 0.34/turn    (no ring)
MPRegen 0.13/turn

%: guardian spirit
@: berserking (expiring), lethally poisoned (0 -> -8), hasted, very quick
A: reduced essence, demonic guardian 1, weakness stinger 2
a: Renounce Religion, Recall Ancestor, Ancestor Identity


You were on level 5 of the Dungeon.
You worshipped Hepliaklqana.
Hepliaklqana was aware of your devotion.
You visited 1 branch of the dungeon, and saw 5 of its levels.

You collected 257 gold pieces.

Inventory:

Hand Weapons
 a - a +0 war axe (weapon)
Missiles
 b - 12 poisoned darts (quivered)
 d - 3 throwing nets
 e - a javelin
Armour
 c - a +0 helmet (worn)
 p - a +0 scale mail (worn)
 w - a +0 pair of gloves (worn)
Jewellery
 q - an amulet of guardian spirit (around neck)
Scrolls
 g - a scroll of enchant weapon {unknown}
 h - 4 scrolls of identify {unknown}
 k - 5 scrolls of teleportation {unknown}
 l - 2 scrolls of blinking {unknown}
 o - a scroll of noise {unknown}
 u - a scroll of fear {unknown}
 v - a scroll of butterflies {unknown}
Potions
 f - a potion of enlightenment {unknown}
 i - 3 potions of haste
 j - a potion of degeneration
 m - a potion of magic {unknown}
 n - a potion of berserk rage
 r - a potion of brilliance {unknown}
 s - a potion of lignification {unknown}
 t - 2 potions of curing {unknown}


   Skills:
 + Level 5.9 Fighting
 + Level 5.8 Axes
 - Level 2.0 Throwing
 - Level 3.0 Dodging
 + Level 5.6 Invocations


You had 7 spell levels left.
You didn't know any spells.
Your spell library was empty.

Dungeon Overview and Level Annotations

Branches:
Dungeon (5/15)
 Temple: D:4-7

Altars:
Hepliaklqana
Sif Muna
Uskayaw

Annotations:
D:5 2 runed translucent doors, Tang's ghost, novice OpSh


Innate Abilities, Weirdness & Mutations

Your life essence is reduced to manifest your ancestor. (-10% HP)
A weak demonic guardian rushes to your aid.
You have a tail ending in a sharp stinger.


Message History

You barely miss the hornet.
The hornet is severely wounded.
You closely miss the iguana.
You feel sick. The hornet stings you.
* * * LOW HITPOINT WARNING * * *
You are lethally poisoned!
You feel as though you will be slow longer.
Big Papa Pump closely misses the hornet.
The iguana closely misses you.
The hornet stings you but does no damage.
You hit the hornet.
The hornet is severely wounded.
You hit the iguana.
You feel yourself speed up.
* * * LOW HITPOINT WARNING * * *
You feel very sick.
Big Papa Pump hits the hornet but does no damage.
The hornet stings Big Papa Pump.
The iguana bites you.
* * * LOW HITPOINT WARNING * * *
Big Papa Pump barely misses the hornet.
The hornet closely misses Big Papa Pump.
You hit the hornet.
The hornet is almost dead.
You slash the iguana!
You kill the iguana!
* * * LOW HITPOINT WARNING * * *
You feel sick. The hornet closely misses you.
Your Invocations skill increases to level 5!
You hit the hornet.
The hornet is almost dead.
* * * LOW HITPOINT WARNING * * *
You feel sick.
Big Papa Pump hits the hornet!
The hornet dies!
You feel your strength returning.
You feel your dexterity returning.
You have reached level 8!
You feel agile.
Your demonic ancestry asserts itself...
Your tail grows a sharp stinger.
Unknown command.
Unknown command.
You are too berserk!
You die...

..##..## #.#
#.........##
.R#...####....
##.........#
..............#
#...........
......######...###
###......##..#
#...###
#....##......####.(..
#....#
##............##.....
#.....# ##......#
##.........
........####..5R..#
##.......#
..............†.@.##
##......#
#.............###..##
#........ .....
#...#####........
....
##...##.......... ...
##.............. ..
#...##......... .
#..####.....^...
.....# ##........
.....## #..†.....


You could see the friendly Big Papa Pump the ancestor and a friendly shadow imp
(summoned).

Vanquished Creatures
  Grinder (D:5)
  3 scorpions (D:5)
  2 orc priests (D:3)
  A bombardier beetle (D:4)
  Jessica (D:3)
  An iguana (D:5)
  3 orc wizards
  6 adders
  2 ribbon worms
  A dart slug (D:3)
  12 orcs
  3 bats
  4 endoplasms
  6 giant cockroaches
  8 goblins
  2 hobgoblins (D:2)
  3 jackals (D:2)
  A kobold (D:4)
  5 quokkas
  4 ball pythons
  2 frilled lizards
  4 rats
75 creatures vanquished.

Vanquished Creatures (collateral kills)
  A hornet (D:5)
  Eustachio (D:5)
2 creatures vanquished.

Grand Total: 77 creatures vanquished

Notes
Turn   | Place    | Note
-------+----------+-------------------------------------------
     0 | D:1      | grandjackal the Demonspawn Gladiator began the quest for
                  | the Orb.
     0 | D:1      | Reached XP level 1. HP: 16/16 MP: 1/1
   142 | D:1      | Found a faded altar of an unknown god.
   144 | D:1      | Noticed a great orb of eyes
   155 | D:1      | Noticed a glass eye
   172 | D:1      | Noticed a great orb of eyes
   176 | D:1      | Noticed an eye of devastation
   442 | D:1      | Gained mutation: You have a small tail. [demonic ancestry]
   442 | D:1      | Reached XP level 2. HP: 22/22 MP: 2/2
   897 | D:2      | Reached XP level 3. HP: 21/28 MP: 3/3
  1279 | D:3      | Found a hazy altar of Hepliaklqana.
  1296 | D:3      | Reached XP level 4. HP: 28/35 MP: 4/4
  1640 | D:3      | Gained mutation: A weak demonic guardian rushes to your
                  | aid. [demonic ancestry]
  1640 | D:3      | Reached XP level 5. HP: 14/42 MP: 5/5
  1799 | D:3      | Became a worshipper of Hepliaklqana the Forgotten
  2180 | D:3      | Found a shimmering blue altar of Sif Muna.
  2198 | D:3      | Noticed Jessica
  2203 | D:3      | Killed Jessica
  2204 | D:3      | Reached skill level 1 in Invocations
  2578 | D:4      | Reached XP level 6. HP: 49/49 MP: 7/7
  2638 | D:4      | Reached * piety under Hepliaklqana
  2883 | D:5      | Entered Level 5 of the Dungeon
  3047 | D:5      | Noticed Eustachio
  3061 | D:5      | Killed Eustachio
  3062 | D:5      | Reached skill level 5 in Fighting
  3062 | D:5      | Reached skill level 5 in Axes
  3062 | D:5      | Reached XP level 7. HP: 10/50 MP: 3/9
  3213 | D:5      | Found a hide-covered altar of Uskayaw.
  3272 | D:5      | Found a large runed translucent door.
  3272 | D:5      | Found a large runed translucent door.
  3274 | D:5      | Noticed Tang's ghost (novice OpSh)
  3324 | D:5      | Noticed Grinder
  3338 | D:5      | Killed Grinder
  3538 | D:5      | Noticed a hornet
  3549 | D:5      | HP: 3/75 [poisoned by a hornet]
  3550 | D:5      | Reached skill level 5 in Invocations
  3550 | D:5      | HP: 1/75 [poisoned by a hornet]
  3550 | D:5      | Killed a hornet
  3551 | D:5      | Gained mutation: You have a tail ending in a sharp stinger.
                  | [demonic ancestry]
  3551 | D:5      | Reached XP level 8. HP: 2/57 MP: 3/12
  3551 | D:5      | Succumbed to a hornet's poison

Illustrated notes

Levels and vault maps discovered:
D:1:      lightli_arrival_lavapool, layout_basic,
          hellmonk_ecumenical_altar_watching_god
D:2:      layout_loops_cross
D:3:      layout_loops_cross, hellmonk_sif_muna_bookshelves,
          overflow_temple_1_default, minmay_stone_trees_small, uniq_jessica
D:4:      layout_cave_pools
D:5:      layout_layer_cave, eat_drink_and_be_merry_uskayaw,
          ebering_ghost_disaster_area, uniq_menkaure, uniq_grinder,
          uniq_eustachio

Skill      XL: |  1  2  3  4  5  6  7 |
---------------+----------------------+-----
Throwing       | 2 |  2.0
Axes           | 3 4 5 |  5.8
Dodging        | 3 |  3.0
Fighting       | 3 4 5 |  5.9
Invocations    | 2 3 5 |  5.6

Action                     |  1- 3 |  4- 6 |  7- 9 || total
---------------------------+-------+-------+-------++-------
  Melee: War axe           |    77 |   133 |    20 ||   230
         Punch             |     1 |       |       ||     1
         Tailslap          |     4 |    11 |       ||    15
  Throw: Dart              |     4 |       |       ||     4
 Invoke: Ancestor Identity |       |     1 |       ||     1
    Use: Potion            |       |       |     3 ||     3
   Stab: Distracted        |       |       |     1 ||     1
 Armour: Ring mail         |    59 |     9 |       ||    68
         Leather armour    |     3 |       |       ||     3
         Scale mail        |       |   134 |    20 ||   154
  Dodge: Dodged            |    50 |    92 |    12 ||   154

Table legend: (Time is in decaauts)
 A = Elapsed time spent in this place.
 B = Non-inter-level travel time spent in this place.
 C = Inter-level travel time spent in this place.
 D = Time resting spent in this place.
 E = Time spent auto-exploring this place.
 F = Levels seen in this place.
 G = Mean time per level.
                   A        B        C        D        E       F      G
               +--------+--------+--------+--------+--------+-----+--------+
         Total |   3620 |   3511 |    109 |    554 |   2325 |   5 |  724.0 |
       Dungeon |   3620 |   3511 |    109 |    554 |   2325 |   5 |  724.0 |
               +--------+--------+--------+--------+--------+-----+--------+

Top non-repeatable levels by time:
     D:3: 1118 daAuts
     D:2: 711 daAuts
     D:5: 683 daAuts
     D:1: 592 daAuts
     D:4: 515 daAuts
